 Dungeon Crawl Stone Soup version 0.30-b1-2-g02819fbbbe (webtiles) character file.

Game seed: 14013634124825036701

2097 Flugkiller the Fighter (level 9, -10/81 HPs)
             Began as a Minotaur Fighter on May 8, 2023.
             Was a Believer of Cheibriados.
             Mangled by an orc warrior
             ... wielding a +2 long sword of distortion
              (13 damage)
             ... on level 8 of the Dungeon.
             The game lasted 00:03:03 (6710 turns).

Flugkiller the Fighter (Minotaur Fighter)           Turns: 6710, Time: 00:03:03

Health: -10/81     AC: 14    Str: 29    XL:     9   Next: 7%
Magic:  10/10      EV:  7    Int:  9    God:    Cheibriados [**....]
Gold:   421        SH:  5    Dex: 14    Spells: 8/8 levels left

rFire   . . .        a - +0 war axe
rCold   . . .        c - +0 buckler
rNeg    . . .        h - +1 plate armour
rPois   .            j - +0 hat
rElec   .            (no cloak)
rCorr   .            (no gloves)
SInv    .            (no boots)
Will    .....        (no amulet) Stlth
                     (no ring)
HPRegen 0.33/turn    (no ring)
MPRegen 0.12/turn

%: no passive effects
@: very slow
A: horns 2, retaliatory headbutt, talons 1, mutation resistance 1
a: Renounce Religion, Bend Time


You were on level 8 of the Dungeon.
You worshipped Cheibriados.
Cheibriados was pleased with you.
You visited 2 branches of the dungeon, and saw 9 of its levels.

You collected 421 gold pieces.

Inventory:

Hand Weapons
 a - a +0 war axe (weapon)
 i - a +0 falchion of distortion
   (You took it off an orc on level 8 of the Dungeon)
Missiles
 n - a throwing net (quivered)
Armour
 b - a +0 scale mail
 c - a +0 buckler (worn)
 h - a +1 plate armour (worn)
   (You found it on level 1 of the Dungeon)
 j - a +0 hat (worn)
   (You found it on level 4 of the Dungeon)
Jewellery
 l - a +6 ring of intelligence
   (You found it on level 8 of the Dungeon)
Scrolls
 f - a scroll of enchant weapon
 k - 2 scrolls of fear
 m - 2 scrolls of enchant armour
 o - a scroll of fog
 r - 3 scrolls of identify
 t - a scroll of teleportation
 z - a scroll of blinking
Potions
 d - 3 potions of might
 e - a potion of haste {unknown}
 g - a potion of berserk rage {unknown}
 p - a potion of mutation
 q - 4 potions of curing
 w - a potion of heal wounds


   Skills:
 * Level 8.3 Fighting
 * Level 7.8 Axes
 * Level 8.2 Armour
 + Level 6.2 Shields
 + Level 2.7 Invocations


You had 8 spell levels left.
You didn't know any spells.
Your spell library was empty.

Dungeon Overview and Level Annotations

Branches:
Dungeon (8/15)             Temple (1/1) D:5
   Lair: D:8-11

Altars:
Ashenzari
Cheibriados
Dithmenos
Fedhas
Gozag
Hepliaklqana
Makhleb
Nemelex Xobeh
Okawaru
Qazlal
Ru
Uskayaw
Vehumet
Xom
Yredelemnul
Zin
Lugonu

Portals:
Abyss: D:7

Annotations:
D:7 2 runed translucent doors


Innate Abilities, Weirdness & Mutations

You have a pair of horns on your head.
You reflexively headbutt those who attack you in melee.
You have sharp toenails.
You are somewhat resistant to further mutation.


Message History

You slice the howler monkey!!
You kill the howler monkey!
Cheibriados appreciates the change of pace.
You hit the gnoll but do no damage. You claw the gnoll. You headbutt the gnoll!
You kill the gnoll!
Cheibriados appreciates the change of pace.
The gnoll hits you but does no damage. You block the gnoll's attack.
The gnoll sergeant hits you from afar with a +2 trident of flaming.
The gnoll sergeant burns you.
Things that are here:
a +0 club; a throwing net; 20 gold pieces You closely miss the gnoll.
You hit the gnoll. The gnoll closely misses you.
The gnoll hits you but does no damage.
The gnoll sergeant hits you from afar with a +2 trident of flaming.
The gnoll sergeant burns you.
You hit the gnoll. You claw the gnoll.
The gnoll is almost dead.
You hit the gnoll. The gnoll hits you with a +0 spear.
The gnoll hits you but does no damage.
The gnoll sergeant hits you but does no damage.
You block the gnoll sergeant's attack.
The gnoll hits you but does no damage. x2
You barely miss the gnoll. You claw the gnoll.
You kill the gnoll!
Cheibriados thoroughly appreciates the change of pace.
You barely miss the gnoll. You block the gnoll's attack.
The gnoll sergeant hits you but does no damage.
You slice the gnoll!!
You kill the gnoll!
Cheibriados appreciates the change of pace.
The gnoll sergeant barely misses you.
The gnoll sergeant hits you with a +2 trident of flaming!
The gnoll sergeant burns you.
You slash the gnoll sergeant! You claw the gnoll sergeant.
The gnoll sergeant is heavily wounded.
The gnoll sergeant hits you but does no damage. x2
You closely miss the gnoll sergeant.
You claw the gnoll sergeant, but do no damage.
The gnoll sergeant is heavily wounded.
The gnoll sergeant hits you with a +2 trident of flaming!
The gnoll sergeant burns you.
You hit the gnoll sergeant but do no damage.
Your kick misses the gnoll sergeant.
Your headbutt misses the gnoll sergeant.
The gnoll sergeant is heavily wounded.
The gnoll sergeant hits you but does no damage.
You barely miss the gnoll sergeant.
You claw the gnoll sergeant, but do no damage.
You headbutt the gnoll sergeant!
You kill the gnoll sergeant!
Cheibriados appreciates the change of pace.
No target in view!
No target in view!
No target in view!
No target in view!
No target in view!
No target in view!
Things that are here:
a +2 trident of flaming; a +0 ring mail No target in view!
n - a throwing net You now have 421 gold pieces (gained 20).
You see here a +0 club.
Found a shiny helmet.
You open the door.
There is an open door here.
An orc warrior and an orc come into view.
The orc warrior is wielding a +2 long sword of distortion.
The orc warrior shouts!
The orc shouts!
You hear a shout!
The orc warrior unwields a +2 long sword of distortion.
Its appearance distorts for a moment.
The orc warrior wields a +0 arbalest.
The orc warrior shoots a bolt.
The bolt hits you!
The orc warrior moves out of view.
You see here 8 gold pieces.
The orc hits you but does no damage.
You barely miss the orc. You claw the orc!
You kill the orc!
Cheibriados appreciates the change of pace.
The orc warrior shoots a bolt.
The bolt hits you!
The orc warrior unwields a +0 arbalest.
The orc warrior wields a +2 long sword of distortion.
Its appearance distorts for a moment.
The orc warrior completely misses you.
You see here a +0 dagger.
You hit the orc warrior but do no damage.
The orc warrior hits you with a +2 long sword of distortion!
Space warps around you.
You slash the orc warrior!
The orc warrior is heavily wounded.
You block the orc warrior's attack.
You completely miss the orc warrior.
The orc warrior is heavily wounded.
The orc warrior hits you with a +2 long sword of distortion.
Space warps horribly around you!
You barely miss the orc warrior. Your kick misses the orc warrior.
The orc warrior is heavily wounded.
The orc warrior hits you with a +2 long sword of distortion!
Space warps horribly around you!!
* * * LOW HITPOINT WARNING * * *
The orc warrior hits you with a +2 long sword of distortion!
You die...

#.#.#...........~~~~......
#.#.##########............
#.#.......# #...~~~......
#.#######.# #....~....#
#.# #.# #....~....# #.#
#.# ##.........# #.# #.#
#........)## #... #.#
#.......#.## ... #@#
#.......#..# .... #o#
#.......##.### ....o #.#
#.......##.).# ......#.#
############.. .......$#
### ........# # ##.#....#
# #....# ......#


You could see an orc warrior.

Vanquished Creatures
  Prince Ribbit (D:8)
  A shadow (D:8)
  Eustachio (D:6)
  A water moccasin (D:7)
  An ice beast (D:6)
  2 ogres (D:5)
  A centaur (D:5)
  A bullfrog (D:6)
  2 kobold brigands
  A gnoll sergeant (D:8)
  4 howler monkeys
  3 orc priests
  2 hounds
  3 jellies
  3 sleepcaps
  7 iguanas
  3 orc wizards
  3 gnolls (D:8)
  5 adders
  A shadow imp (D:5)
  3 white imps
  3 worms
  A dart slug (D:2)
  13 orcs
  8 endoplasms
  2 giant cockroaches
  4 goblins
  2 hobgoblins (D:3)
  3 quokkas
  4 ball pythons
  4 bats
  A frilled lizard (D:3)
  13 kobolds
  9 rats
116 creatures vanquished.

Vanquished Creatures (others)
  2 plants (D:2)
2 creatures vanquished.

Grand Total: 118 creatures vanquished

Notes
Turn   | Place    | Note
-------+----------+-------------------------------------------
     0 | D:1      | Flugkiller the Minotaur Fighter began the quest for the
                  | Orb.
     0 | D:1      | Reached XP level 1. HP: 19/19 MP: 0/0
   374 | D:1      | Found a faded altar of an unknown god.
   521 | D:1      | Reached XP level 2. HP: 27/27 MP: 1/1
  1025 | D:2      | Reached XP level 3. HP: 25/33 MP: 2/2
  1367 | D:3      | Found an iron altar of Okawaru.
  1459 | D:3      | Found a sparkling altar of Nemelex Xobeh.
  1844 | D:3      | Found a glowing silver altar of Zin.
  2428 | D:4      | Reached XP level 4. HP: 41/41 MP: 3/3
  3330 | D:4      | Found a hide-covered altar of Uskayaw.
  3537 | D:5      | Entered Level 5 of the Dungeon
  3597 | D:5      | Noticed a centaur
  3602 | D:5      | Killed a centaur
  3603 | D:5      | Reached XP level 5. HP: 32/47 MP: 4/4
  3606 | D:5      | Reached skill level 5 in Fighting
  3606 | D:5      | Reached skill level 5 in Armour
  3618 | D:5      | Noticed an ogre
  3810 | D:5      | Found a staircase to the Ecumenical Temple.
  3810 | D:5      | You fall into a shaft and drop 2 floors!
  3832 | D:7      | Found a shimmering altar of Xom.
  3833 | D:7      | Found a shimmering altar of Xom.
  3833 | D:7      | Found a shimmering altar of Xom.
  3834 | D:7      | Found a shimmering altar of Xom.
  3837 | D:7      | Reached XP level 6. HP: 56/56 MP: 5/5
  3837 | D:7      | Found a shimmering altar of Xom.
  3837 | D:7      | Found a shimmering altar of Xom.
  3837 | D:7      | Noticed a water moccasin
  3839 | D:7      | Found a shimmering altar of Xom.
  3853 | D:7      | Killed a water moccasin
  3856 | D:7      | Reached skill level 5 in Axes
  4141 | D:6      | Noticed Eustachio
  4159 | D:6      | Killed Eustachio
  4160 | D:6      | Reached skill level 5 in Shields
  4160 | D:6      | Reached XP level 7. HP: 63/63 MP: 6/6
  4208 | Temple   | Entered the Ecumenical Temple
  4305 | Temple   | Became a worshipper of Cheibriados the Contemplative
  4733 | D:5      | Reached skill level 1 in Invocations
  4835 | D:5      | Reached XP level 8. HP: 71/71 MP: 7/7
  4847 | D:5      | Gained mutation: You are somewhat resistant to further
                  | mutation. [potion of mutation]
  4847 | D:5      | Gained mutation: You have sharp toenails. [potion of
                  | mutation]
  5218 | D:6      | Reached * piety under Cheibriados
  5438 | D:6      | Found a hazy altar of Hepliaklqana.
  5708 | D:7      | Found a broken altar of Ashenzari.
  5892 | D:7      | Found a large runed translucent door.
  5892 | D:7      | Found a large runed translucent door.
  6092 | D:7      | Found a one-way gate to the infinite horrors of the Abyss.
  6202 | D:7      | Found a corrupted altar of Lugonu.
  6228 | D:8      | Noticed Prince Ribbit
  6237 | D:8      | Killed Prince Ribbit
  6460 | D:8      | Reached ** piety under Cheibriados
  6461 | D:8      | Reached XP level 9. HP: 55/81 MP: 9/9
  6710 | D:8      | HP: 3/81 [orc warrior/+2 long sword of distortion (24)]
  6710 | D:8      | Mangled by an orc warrior

Illustrated notes

Levels and vault maps discovered:
D:1:      dpeg_arrival_tiny_a, layout_loops_cross,
          ebering_ecumenical_altar_sacrificial,
          nicolae_concentric_dashed_squares_wild
D:2:      layout_basic, guppyfry_early_lair_pool
D:3:      layout_basic, zin_scriptorium, general_overflow_altar,
          lemuel_tele_altar
D:4:      layout_layer_cave, nicolae_uskayaw_suspiria
D:5:      layout_rooms, minmay_temple_entry_grid,
          chequers_serial_rivers_small_a, grunt_ministairs_11
D:6:      layout_cave_pods, lemuel_coloured_pillars_altar,
          minmay_misc_feat_secret_circle, corexii_corridor_pit, st_stairs_10,
          serial_park_tiny_1, hangedman_abyss_or_decor_stabs, uniq_eustachio
D:7:      due_chaos_kobolds, layout_loops_ring, ashenzari_altar_1,
          nicolae_xom_altar_mimics
D:8:      layout_basic, nicolae_overflow_hidden_temple, serial_shops,
          nicolae_square_shop, uniq_prince_ribbit1
Temple:   hellmonk_temple_beads

Skill      XL: |  1  2  3  4  5  6  7  8 |
---------------+-------------------------+-----
Fighting       | 4 5 6 8 |  8.3
Armour         | 4 5 6 8 |  8.2
Axes           | 3 4 5 6 7 |  7.8
Shields        | 4 5 6 |  6.2
Invocations    | 1 2 |  2.7

Action                     |  1- 3 |  4- 6 |  7- 9 || total
---------------------------+-------+-------+-------++-------
  Melee: War axe           |    82 |    50 |   140 ||   272
         Headbutt          |    14 |     6 |    25 ||    45
         Kick              |       |       |    28 ||    28
    Use: Scroll            |     8 |     1 |     1 ||    10
         Potion            |       |     1 |     4 ||     5
 Armour: Scale mail        |    10 |       |       ||    10
         Plate armour      |    30 |    40 |    72 ||   142
  Dodge: Dodged            |    19 |    15 |    36 ||    70
  Block: Buckler           |     9 |    12 |    38 ||    59
